 Dungeon Crawl Stone Soup version 0.29-a0-330-g52719c12eb (webtiles) character file.

Game seed: 3789992133422579657

5946 Armakuni the Carver (level 11, -2/79 HPs)
             Began as a Human Wanderer on Apr 23, 2022.
             Was a Priest of Elyvilon.
             Slain by a troll (5 damage)
             ... on level 9 of the Dungeon on Apr 27, 2022.
             The game lasted 00:27:54 (13115 turns).

Armakuni the Carver (Human Wanderer)               Turns: 13115, Time: 00:27:54

Health: -2/79      AC: 10    Str: 14    XL:     11   Next: 9%
Magic:  13/15      EV: 12    Int: 16    God:    Elyvilon [***...]
Gold:   804        SH:  4    Dex: 16    Spells: 9/12 levels left

rFire   . . .      SeeInvis .   a - +3 falchion (freeze)
rCold   . . .      Faith    .   (no shield)
rNeg    . . .      Spirit   .   d - +2 scale mail {rPois}
rPois   +          Reflect  .   B - +2 hood of the Assassin {Detection Stab+ Stlth++}
rElec   .          Harm     .   i - +0 cloak
rCorr   .          Rampage  .   r - +2 pair of gloves
Will    .....                   (no boots)
Stlth   +++.......              (no amulet)
HPRegen 0.23/turn               D - +6 ring of dexterity
MPRegen 0.14/turn               (no ring)

@: ice-armoured, corroded
A: large bone plates 1, clumsy 1, sturdy frame 1
a: Renounce Religion, Purification, Heal Other, Heal Self


You were on level 9 of the Dungeon.
You worshipped Elyvilon.
Elyvilon was most pleased with you.
You visited 2 branches of the dungeon, and saw 10 of its levels.
You also visited: Sewer.

You collected 1308 gold pieces.
You spent 504 gold pieces at shops.

Inventory:

Hand Weapons
 a - a +3 falchion of freezing (weapon)
 b - a +0 hand crossbow of freezing
 y - the +5 dagger of the Gloaming {freeze, rN++ Int+4}
   (You found it on level 9 of the Dungeon)

   It freezes those it strikes, dealing additional cold damage.
   It can also slow down cold-blooded creatures.
   Int:       It affects your intelligence (+4).
   rN:        It greatly protects you from negative energy.
Missiles
 h - 38 poisoned darts (quivered)
 o - 2 silver boomerangs
 z - 5 javelins
 G - 4 throwing nets
Armour
 d - a +2 scale mail of poison resistance (worn)
 i - a +0 cloak (worn)
 r - a +2 pair of gloves (worn)
 B - the +2 hood of the Assassin (worn) {Detection Stab+ Stlth++}
   (You found it on level 8 of the Dungeon)

   It allows the wearer to sense nearby creatures.
   It allows the wearer to make particularly effective stabbing attacks against
   helpless or unaware enemies with any weapon.
   Stlth:     It makes you much more stealthy.
Jewellery
 D - a +6 ring of dexterity (left hand)
Wands
 k - a wand of digging (5)
 p - a wand of polymorph (11)
 J - a wand of paralysis (8)
Scrolls
 c - a scroll of magic mapping
 e - 2 scrolls of amnesia
 f - 2 scrolls of noise
 n - a scroll of holy word
 q - 4 scrolls of fog
 u - a scroll of vulnerability {unknown}
 C - 3 scrolls of blinking
 E - a scroll of immolation {unknown}
 F - 4 scrolls of teleportation
 H - 3 scrolls of enchant weapon {unknown}
 I - 3 scrolls of identify
Potions
 g - a potion of heal wounds
 l - 3 potions of curing
 m - 4 potions of lignification
 s - 3 potions of cancellation
 t - 3 potions of resistance
 v - 3 potions of magic {unknown}
 w - a potion of invisibility
 x - 4 potions of haste {unknown}
 A - a potion of berserk rage {unknown}
 K - a potion of brilliance


   Skills:
 - Level 5.0 Fighting
 + Level 10.8 Long Blades
 - Level 4.0 Armour
 - Level 4.0 Dodging
 - Level 1.0 Spellcasting
 - Level 8.0 Ice Magic
 + Level 6.0 Invocations
 - Level 1.0 Evocations


You had 9 spell levels left.
You knew the following spells:

 Your Spells              Type           Power      Damage    Failure   Level
o - Ozocubu's Armour      Ice            26%        N/A       6%          3

Your spell library contained the following spells:

 Spells                   Type           Power      Damage    Failure   Level
 Freeze                   Ice            100%       1d11      1%          1
 Ensorcelled Hibernation  Hex/Ice        26%        N/A       16%         2
 Magic Dart               Conj           0%         1d3       50%         1
 Call Imp                 Summ           0%         N/A       63%         2
 Passwall                 Tmut/Erth      0%         N/A       63%         2
 Conjure Flame            Conj/Fire      0%         6-21      86%         3
 Ignite Poison            Fire/Tmut/Pois 0%         N/A       86%         3
 Mephitic Cloud           Conj/Pois/Air  0%         N/A       86%         3
 Summon Guardian Golem    Hex/Summ       0%         N/A       86%         3
 Swiftness                Air            0%         N/A       86%         3
 Sticky Flame             Conj/Fire      0%         2d3       99%         4
 Orb of Destruction       Conj           0%         9d5       100%        7
 Spellforged Servitor     Conj/Summ      0%         N/A       100%        7


Dungeon Overview and Level Annotations

Branches:
Dungeon (9/15)             Temple (1/1) D:4           Sewer (visited)
   Lair: D:8-11         Orc: D:9-12

Altars:
Ashenzari
Cheibriados
Dithmenos
Elyvilon
Fedhas
Gozag
Hepliaklqana
Kikubaaqudgha
Makhleb
Nemelex Xobeh
Okawaru
Qazlal
Ru
Sif Muna
Trog
Uskayaw
Vehumet
Wu Jian
Xom
Yredelemnul
Zin
The Shining One

Shops:
D:2 [   D:5 *[


Innate Abilities, Weirdness & Mutations

You are partially covered in large bone plates. (SH +4)
You are clumsy. (Dex -2)
Your movements are slightly less encumbered by armour. (ER -2)


Message History

You barely miss the acid dragon.
The acid dragon is severely wounded.
The acid dragon completely misses you. You block the acid dragon's attack.
The troll bites you but does no damage. The troll closely misses you. x2
You hit the acid dragon but do no damage.
The acid dragon is severely wounded.
You hit the acid dragon. You freeze the acid dragon.
The acid dragon is almost dead.
You block the acid dragon's attack.
The acid dragon claws you but does no damage.
The troll bites you! The troll claws you.
The troll claws you but does no damage.
You barely miss the acid dragon.
The acid dragon is almost dead.
The acid dragon closely misses you. x2; The troll closely misses you.
The troll barely misses you. The troll claws you.
You barely miss the acid dragon.
The acid dragon is almost dead.
The acid dragon spits acid at you. The splash of acid hits you!
The acid corrodes you! The troll barely misses you. The troll claws you!
* * * LOW HITPOINT WARNING * * *
The troll claws you.
* * * LOW HITPOINT WARNING * * *
You barely miss the acid dragon.
The acid dragon is almost dead.
You closely miss the acid dragon. Your punch misses the acid dragon.
The acid dragon is almost dead.
The acid dragon bites you but does no damage.
The acid dragon claws you but does no damage.
The troll bites you!
* * * LOW HITPOINT WARNING * * *
You block the troll's attack. The troll claws you but does no damage.
You hit the acid dragon. You freeze the acid dragon.
The acid dragon is almost dead.
The acid dragon bites you.
* * * LOW HITPOINT WARNING * * *
The acid dragon claws you but does no damage.
The troll bites you.
You die...

#...###..#####......#..#......
###'###..#..........+..#....##
#........#..........#..#....#
#........'..........#>.#....#
######'###+##..........####....#
........(.....#'####+#.....).###
..............#...# #.......#
..............#...+ #.......#
..............#.@## #.......#
..............#TD# #.......#
#.............#... #.......#
#.................# #.......#
#####.....####.#.## #.......# ##
#.....# ..... #.......# .#
#.....# .#.#.# #.......#
.####.....#....... #.......#
..........# #.......#


You could see a troll and an acid dragon.

Vanquished Creatures
  A two-headed ogre (D:9)
  A tengu warrior (D:8)
  A slime creature (D:8)
  2 wyverns (D:8)
  Eustachio (D:4)
  The ghost of kae the Firebug, an amateur DgFE (D:3)
  The ghost of Stick the Cruncher, an amateur GnWn (D:5)
  An acid dragon (D:8)
  2 water moccasins
  4 ice beasts
  A sky beast (D:7)
  3 orc warriors
  An ogre (D:6)
  2 centaurs
  The ghost of Ajdolov the Chiller, an amateur BaIE (D:3)
  A phantom (D:6)
  4 bullfrogs
  A necrophage (D:5)
  2 gnoll sergeants
  3 kobold brigands
  A wight (D:8)
  19 killer bees
  2 howler monkeys (D:6)
  The ghost of Gwenloh the Caller, a weakling DESu (D:3)
  A jelly (D:4)
  2 orc priests
  Ijyb (D:5)
  3 iguanas
  7 orc wizards
  18 gnolls
  3 adders
  2 shadow imps
  5 white imps
  An ufetubus (D:7)
  3 worms
  A dart slug (D:3)
  29 orcs
  11 endoplasms
  8 giant cockroaches
  4 goblins
  9 hobgoblins
  4 jackals (D:1)
  21 kobolds
  A quokka (D:3)
  7 ball pythons
  5 bats
  6 frilled lizards
  9 rats
218 creatures vanquished.

Vanquished Creatures (others)
  A water moccasin (D:8)
  2 killer bees (D:8)
  A fungus (Sewer)
4 creatures vanquished.

Grand Total: 222 creatures vanquished

Notes
Turn   | Place    | Note
-------+----------+-------------------------------------------
     0 | D:1      | Armakuni the Human Wanderer began the quest for the Orb.
     0 | D:1      | Armakuni set off with the following items: a +3 falchion, a
                  | potion of heal wounds, a +0 robe; and the following spell
                  | memorised: Freeze; and the following spells available to
                  | memorise: Ozocubu's Armour
     0 | D:1      | Reached XP level 1. HP: 18/18 MP: 2/2
    72 | D:1      | Reached XP level 2. HP: 8/24 MP: 0/3
   694 | D:1      | Reached XP level 3. HP: 24/29 MP: 4/4
   698 | D:1      | Learned a level 3 spell: Ozocubu's Armour
  1069 | D:2      | Found Zykobeh's Armour Shop.
  1706 | D:2      | Reached skill level 3 in Long Blades
  1706 | D:2      | Reached XP level 4. HP: 23/37 MP: 5/5
  2332 | D:3      | Reached XP level 5. HP: 40/42 MP: 6/6
  3039 | D:3      | Found a runed translucent gate.
  3039 | D:3      | Found a runed translucent gate.
  3039 | D:3      | Found a runed translucent gate.
  3044 | D:3      | Noticed Ajdolov's ghost (amateur BaIE)
  3044 | D:3      | Noticed Gwenloh's ghost (weakling DESu)
  3044 | D:3      | Noticed kae's ghost (amateur DgFE)
  3384 | D:3      | Identified a scroll of acquirement
  3384 | D:3      | Acquired 755 gold pieces
  3894 | D:4      | Noticed Eustachio
  3947 | D:2      | Bought a +2 scale mail of poison resistance for 252 gold
                  | pieces
  3967 | D:2      | Bought a +1 helmet for 161 gold pieces
  4069 | D:4      | Killed Eustachio
  4070 | D:4      | Reached skill level 4 in Long Blades
  4070 | D:4      | Reached XP level 6. HP: 26/49 MP: 7/7
  4287 | D:4      | Identified the +5 spear of Slime {freeze, rC+ rN++}
  4767 | D:4      | Reached XP level 7. HP: 25/55 MP: 5/8
  5209 | D:4      | Found a staircase to the Ecumenical Temple.
  5216 | Temple   | Entered the Ecumenical Temple
  5228 | Temple   | Became a worshipper of Elyvilon the Healer
  5978 | D:5      | Entered Level 5 of the Dungeon
  5984 | D:5      | Found Rufech's Antique Armour Emporium.
  5984 | D:5      | Found Teonom's Assorted Antiques.
  6015 | D:5      | Bought 2 glowing pink potions for 43 gold pieces
  6015 | D:5      | Bought a scroll labelled LUUPPEMN NIYNK for 24 gold pieces
  6015 | D:5      | Bought a scroll labelled XAAWKE KOROENN for 24 gold pieces
  6037 | D:5      | Noticed a water moccasin
  6243 | D:5      | Found a glowing drain.
  6247 | Sewer    | Entered a sewer
  6399 | Sewer    | Reached XP level 8. HP: 31/61 MP: 9/9
  6635 | Sewer    | Reached * piety under Elyvilon
  6826 | D:5      | Reached skill level 5 in Fighting
  6945 | D:5      | Noticed Stick's ghost (amateur GnWn)
  6949 | D:5      | Found a runed translucent door.
  7281 | D:5      | Identified the +1 morningstar of Change {venom, rCorr Str-4
                  | Int+3}
  7467 | D:5      | Reached skill level 5 in Long Blades
  7596 | D:5      | Noticed Ijyb
  7612 | D:5      | Killed Ijyb
  7760 | D:5      | Killed Stick's ghost
  7761 | D:5      | Reached skill level 6 in Long Blades
  8090 | D:3      | Reached skill level 7 in Long Blades
  8144 | D:3      | Killed kae's ghost
  8145 | D:3      | Reached XP level 9. HP: 67/68 MP: 10/10
  8149 | D:3      | Killed Ajdolov's ghost
  8155 | D:3      | Killed Gwenloh's ghost
  8351 | D:6      | Reached skill level 8 in Long Blades
  8408 | D:6      | Reached skill level 5 in Ice Magic
  8744 | D:6      | Reached ** piety under Elyvilon
  8828 | D:6      | Reached skill level 9 in Long Blades
  9990 | D:7      | Reached skill level 1 in Invocations
  9990 | D:7      | Reached XP level 10. HP: 58/74 MP: 11/11
 10183 | D:7      | Identified the +1 ring mail of Spring Thaw {rPois Will-
                  | Str+2 Stlth+}
 10192 | D:7      | Reached *** piety under Elyvilon
 11260 | D:8      | Noticed a tengu warrior
 11274 | D:8      | Gained mutation: You are partially covered in large bone
                  | plates. (SH +4) [potion of mutation]
 11274 | D:8      | Gained mutation: You are clumsy. (Dex -2) [potion of
                  | mutation]
 11274 | D:8      | Gained mutation: Your movements are slightly less
                  | encumbered by armour. (ER -2) [potion of mutation]
 11276 | D:8      | Killed a tengu warrior
 11277 | D:8      | Reached skill level 10 in Long Blades
 11866 | D:8      | Found the +2 hood of the Assassin {Detection Stab+ Stlth++}
 12063 | D:9      | Noticed a two-headed ogre
 12080 | D:9      | Killed a two-headed ogre
 12081 | D:9      | Reached skill level 5 in Invocations
 12305 | D:9      | Reached XP level 11. HP: 72/79 MP: 15/15
 12382 | D:9      | Identified the +5 dagger of the Gloaming {freeze, rN++
                  | Int+4}
 12687 | D:9      | Found an opulent altar of Gozag.
 13115 | D:9      | HP: 3/79 [acid dragon (5)]
 13115 | D:9      | Slain by a troll

Illustrated notes

Levels and vault maps discovered:
D:1:      co_arrival_square_in_a_square_in_a_square, layout_rooms
D:2:      layout_rooms, serial_shops, nicolae_shop_trees, grunt_ministairs_15
D:3:      layout_rooms, gammafunk_ghost_cemetery, kennysheep_cross_bottleneck
D:4:      layout_loops_ring, temple_green, uniq_eustachio
D:5:      layout_loops_corners, serial_shops, shop, gup_sewer_entry_bowl,
          hellmonk_ghost_happy_afterlife, nicolae_stop_n_shop_1, uniq_ijyb
D:6:      layout_gridville, enter_ossuary_1, grunt_potential
D:7:      layout_basic, corner_web_ring, dreamdust_wishing_well
D:8:      minmay_opposing_rooms, layout_rooms, st_stairs_14
D:9:      layout_gridville, nicolae_gozag_cash_rules_everything_around_me,
          st_stairs_13
Temple:   mainiacjoe_temple_circle_huts

Skill      XL: |  1  2  3  4  5  6  7  8  9 10 11 |
---------------+----------------------------------+-----
Long Blades    | 3 4 7 9 10 | 10.8
Fighting       | 4 5 |  5.0
Ice Magic      | 2 3 6 7 8 |  8.0
Armour         | 3 4 |  4.0
Dodging        | 3 4 |  4.0
Invocations    | 1 5 6 |  6.0
Spellcasting   | |  1.0
Evocations     | |  1.0

Action                   |  1- 3 |  4- 6 |  7- 9 | 10-12 || total
-------------------------+-------+-------+-------+-------++-------
Melee: Falchion          |   100 |    96 |   450 |   268 ||   914
       Punch             |     1 |       |     8 |     4 ||    13
       Dagger            |       |    60 |     6 |       ||    66
Throw: Dart              |     1 |     5 |     7 |     3 ||    16
 Cast: Freeze            |     7 |       |       |       ||     7
       Ozocubu's Armour  |       |     1 |     3 |    12 ||    16
Invok: Heal Self         |       |       |       |     5 ||     5
       Heal Other        |       |       |       |     2 ||     2
Evoke: Wand              |       |     2 |     4 |     5 ||    11
  Use: Scroll            |     5 |     1 |     8 |       ||    14
       Potion            |     1 |     5 |     2 |     3 ||    11
 Stab: Sleeping          |     1 |     1 |       |     1 ||     3
       Invisible         |       |       |       |     1 ||     1
Armor: Robe              |    29 |    31 |    25 |       ||    85
       Scale mail        |       |       |   212 |   148 ||   360
Dodge: Dodged            |    66 |    94 |   226 |   168 ||   554
Block: Other             |       |       |       |    20 ||    20

Table legend: (Time is in decaauts)
 A = Elapsed time spent in this place.
 B = Non-inter-level travel time spent in this place.
 C = Inter-level travel time spent in this place.
 D = Time resting spent in this place.
 E = Time spent auto-exploring this place.
 F = Levels seen in this place.
 G = Mean time per level.
                   A        B        C        D        E       F      G
               +--------+--------+--------+--------+--------+-----+--------+
         Total |  13104 |  12546 |    558 |   2692 |   7271 |  11 | 1191.3 |
       Dungeon |  12288 |  11742 |    546 |   2692 |   6634 |   9 | 1365.3 |
        Temple |    291 |    279 |     12 |      0 |    250 |   1 |  291.0 |
         Sewer |    524 |    524 |      0 |      0 |    386 |   1 |  524.0 |
               +--------+--------+--------+--------+--------+-----+--------+

Top non-repeatable levels by time:
     D:4: 2083 daAuts
     D:2: 1571 daAuts
     D:5: 1473 daAuts
     D:6: 1430 daAuts
     D:3: 1357 daAuts
     D:7: 1318 daAuts
     D:8: 1072 daAuts
     D:9: 1035 daAuts
     D:1: 946 daAuts
   Sewer: 524 daAuts
  Temple: 291 daAuts
